 Dungeon Crawl Stone Soup version 0.24.0-125-gc4c63601f3 (webtiles) character file.

Game seed: 15126328762327574778, levelgen mode: deterministic

18 Johnny the Digger (level 2, 0/22 HPs)
             Began as a Demigod Earth Elementalist on Feb 22, 2020.
             Slain by Sigmund
             ... wielding a +0 scythe
              (10 damage)
             ... on level 2 of the Dungeon.
             The game lasted 00:00:55 (1100 turns).

Johnny the Digger (Demigod Earth Elementalist)      Turns: 1100, Time: 00:00:56

Health: 0/22       AC:  2    Str: 11    XL:     2   Next: 36%
Magic:  1/7        EV: 12    Int: 19    God:
Gold:   52         SH:  0    Dex: 16    Spells: 4/5 levels left

rFire    . . .     SeeInvis .   e - +0 short sword
rCold    . . .     Gourm    .   (no shield)
rNeg     . . .     Faith    .   g - +0 robe
rPois    .         Spirit   .   (no helmet)
rElec    .         Reflect  .   (no cloak)
rCorr    .         Harm     .   (no gloves)
MR       .....                  (no boots)
Stlth    +.........             (no amulet)
HPRegen  0.07/turn              (no ring)
MPRegen  0.10/turn              (no ring)

@: confused, hasted, very quick
A: high mp 1
a: no special abilities


You were on level 2 of the Dungeon.
You were not hungry.

You visited 1 branch of the dungeon, and saw 2 of its levels.

You collected 52 gold pieces.

Inventory:

Hand Weapons
 e - a +0 short sword (weapon)
Missiles
 b - 88 stones (quivered)
Armour
 g - a +0 robe (worn)
Jewellery
 i - a +3 amulet of reflection {unknown}
Scrolls
 a - a scroll of immolation {unknown}
 f - a scroll of identify {unknown}
 h - a scroll of blinking {unknown}
 j - 2 scrolls of remove curse {unknown}
Comestibles
 d - 2 rations


   Skills:
 + Level 0.6 Fighting
 - Level 1.7 Dodging
 - Level 1.7 Stealth
 + Level 2.1 Spellcasting
   Level 0.8 Transmutations
 + Level 3.1 Earth Magic


You had 4 spell levels left.
You knew the following spells:

 Your Spells              Type           Power        Failure   Level  Hunger
a - Sandblast             Erth           ##....       4%          1    #......

Your spell library contained the following spells:

 Spells                   Type           Power        Failure   Level  Hunger
 Passwall                 Tmut/Erth      #.......     11%         2    ##.....
 Stone Arrow              Conj/Erth      #.....       26%         3    ###....
 Petrify                  Tmut/Erth      #.......     58%         4    #####..
 Lee's Rapid Deconstruct  Erth           ##........   78%         5    ######.


Dungeon Overview and Level Annotations

Branches:
Dungeon (2/15)

Annotations:
D:2 Sigmund


Innate Abilities, Weirdness & Mutations

You have an increased reservoir of magic. (+10% MP)


Message History

Unknown command.
You aren't carrying any items that you can evoke.
Unknown command.
You bump into the rock wall.
Something hits you but does no damage.
You bump into the rock wall.
A puff of flame appears from out of thin air!
The puff of flame hits you.
A magic dart appears from out of thin air!
The magic dart hits you!
You bump into the rock wall.
It was a potion of haste.
You feel yourself speed up.
You feel less confused.
A puff of flame appears from out of thin air!
The puff of flame misses you.
You are confused.
You bump into the rock wall.
You bump into the rock wall.
You bump into the closed door.
You bump into the rock wall.
Something hits you!
You die...

#.....##.#
#.....##.#
#........#
#.....####
#########.....#
#.............#
#.............#
#.............#
#..........@..#
########..####+##
......###.#
....... #.#
....w.. #{#
....... #.#
.......##w#
..........#
..........#


There were no monsters in sight!

Vanquished Creatures
  A dart slug (D:1)
  A worm (D:2)
  A leopard gecko (D:1)
  3 goblins (D:1)
  3 kobolds (D:1)
  A quokka (D:2)
  2 frilled lizards
  2 rats (D:1)
14 creatures vanquished.

Notes
Turn   | Place    | Note
-------+----------+-------------------------------------------
     0 | D:1      | Johnny the Demigod Earth Elementalist began the quest for
                  | the Orb.
     0 | D:1      | Reached XP level 1. HP: 14/14 MP: 5/5
   106 | D:1      | Reached skill level 3 in Earth Magic
   106 | D:1      | Reached XP level 2. HP: 6/22 MP: 0/7
  1070 | D:2      | Noticed Sigmund
  1100 | D:2      | Slain by Sigmund

Levels and vault maps discovered:
D:1:      scummos_arrival_forest, layout_loops_ring
D:2:      layout_basic, overflow_temple_1_default,
          nemelex_xobeh_ov_fountains_minmay, uniq_robin, uniq_jessica,
          uniq_sigmund

Skill      XL: |  1 |
---------------+----+-----
Spellcasting   | 2 |  2.1
Earth Magic    | 3 |  3.1
Fighting       | |  0.6
Dodging        | |  1.7
Stealth        | |  1.7
Transmutations | |  0.8

Action                   || total
-------------------------++-------
Melee: Short sword       ||    20
       Unarmed           ||     2
 Cast: Sandblast         ||    21
  Use: Potion            ||     1
 Stab: Sleeping          ||     1
  Eat: Chunk             ||     1
Armor: Robe              ||     3
Dodge: Dodged            ||    21
